 Dungeon Sprint DCSS version 0.31-a0-836-g3ceb0a68c4 (webtiles) character file.

Game seed: 17331714698997499512

1171 sircluck the Grappler (level 8, -7/87 (92) HPs)
             Began as a Troll Berserker on Sept 26, 2023.
             Was a High Priest of Trog.
             Mangled by a wight
             ... wielding a +0 halberd
              (17 damage)
             ... in the Dungeon (Sprint VII: "The Pits").
             The game lasted 00:01:10 (241 turns).

sircluck the Grappler (Troll Berserker)              Turns: 241, Time: 00:01:12

HP:   -7/87 (92)    AC: -4    Str: 28    XL:     8   Next: 18%
MP:   7/7           EV: 12    Int:  3    God:    Trog [*****.]
Gold: 0             SH:  0    Dex:  9    Spells: 7/7 levels left

rFire   . .          .
                       - Unarmed
rCold   . . .        (no shield)
rNeg    . . .        a - +0 animal skin
rPois   .            (helmet restricted)
rElec   .            (no cloak)
rCorr   .            (gloves unavailable)
SInv    .            (boots unavailable)
Will    .....        (no amulet)
Stlth   +            (no ring)
HPRegen 1.14/turn    (no ring)
MPRegen 0.10/turn

%: no teleportation
@: corroded, drained
A: large, unfitting armour, claws 3, regeneration 1, shaggy fur 1, tough skin 1
a: Renounce Religion, Berserk, Trog's Hand, Brothers in Arms


You were in the Dungeon.
You worshipped Trog.
Trog was extremely pleased with you.
You visited 1 branch

Inventory:

Armour
 a - a +0 animal skin (worn)
Scrolls
 g - a scroll of blinking
 i - 2 scrolls of vulnerability
 j - a scroll of summoning
Potions
 b - 6 potions of curing
 c - 6 potions of heal wounds
 d - a potion of haste
 e - 4 potions of magic
 f - 3 potions of berserk rage
 h - 2 potions of invisibility


   Skills:
 + Level 9.3 Fighting
 + Level 9.2 Dodging
 + Level 10.9 Unarmed Combat


You had 7 spell levels left.
You didn't know any spells.
Your spell library was empty.

Dungeon Overview and Level Annotations

Branches:
Dungeon (1/1)

Altars:
Ashenzari
Cheibriados
Dithmenos
Elyvilon
Fedhas
Gozag
Hepliaklqana
Kikubaaqudgha
Makhleb
Nemelex Xobeh
Okawaru
Qazlal
Ru
Sif Muna
Trog
Uskayaw
Vehumet
Wu Jian
Xom
Yredelemnul
Zin
The Shining One
Jiyva
Lugonu


Innate Abilities, Weirdness & Mutations

You are too large for most types of armour.
You have claws for hands.
Your natural rate of healing is unusually fast.
You are covered in fur. (AC +1)
You have tough skin. (AC +1)


Message History

You destroy the necrophage!
Trog accepts your kill. Trog grants you a weapon!
Something appears at your feet!
You see here a +2 heavy war axe.
Your life force feels restored.
Your Dodging skill increases to level 9!
You mangle the black bear!! Your claw misses the black bear.
The black bear is almost dead.
The wight hits you from afar with a +0 spear of flaming.
You feel drained. The wight burns you.
The black bear goes berserk!
The wight hits you from afar with a +0 halberd.
You mangle the black bear!!
You kill the black bear!
Trog accepts your kill. The jelly misses you.
The wight hits you from afar with a +0 spear of flaming.
The wight burns you.
The wight hits you from afar with a +0 halberd!
Your life force feels restored.
You claw the jelly! The acid corrodes you!
Your claws burn!
The jelly is severely wounded.
The wight hits you from afar with a +0 halberd!
You feel drained. The wight closely misses you. The jelly hits you.
The acid corrodes you!
You are splashed with acid!
* * * LOW HITPOINT WARNING * * *
You are too injured to fight recklessly!
You are too injured to fight recklessly!
You are too injured to fight recklessly!
You are too injured to fight recklessly!
You mangle the jelly!!
You kill the jelly!
Trog accepts your kill.
The wight hits you from afar with a +0 spear of flaming!
* * * LOW HITPOINT WARNING * * *
You feel drained.
* * * LOW HITPOINT WARNING * * *
The wight burns you.
* * * LOW HITPOINT WARNING * * *
The wight hits you from afar with a +0 halberd!
You die...

#.#.....#))#####'###
#.###)###))##.......
#)#.....#))##.......
#.#.....#..##.......
#.####'##'###...<...
#.#...†....##.......
#.#.†.†....##.......
#'###########.......
#..@†...# ########
#.......# #..z#z..#
#..###..# #... ..#
#... .# #.... +
#####


You could see 2 wights.

Vanquished Creatures
  A deep elf zephyrmancer (D)
  A cane toad (D)
  A floating eye (D)
  A black bear (D)
  A necrophage (D)
  2 wights (D)
  A hound (D)
  2 orc priests (D)
  A jelly (D)
  3 orcs (D)
  A bat skeleton (D)
  A goblin (D)
  4 jackals (D)
  A bat (D)
  2 frilled lizards (D)
  A kobold (D)
  A rat (D)
25 creatures vanquished.

Notes
Turn   | Place    | Note
-------+----------+-------------------------------------------
     0 | D        | sircluck the Troll Berserker began the quest for the Orb.
     0 | D        | Reached XP level 1. HP: 22/22 MP: 0/0
    21 | D        | Noticed a deep elf zephyrmancer
    21 | D        | Noticed an orc priest
    21 | D        | Noticed an orc priest
    21 | D        | Noticed a cane toad
    26 | D        | Killed an orc priest
    27 | D        | Reached skill level 4 in Unarmed Combat
    27 | D        | Reached XP level 2. HP: 32/32 MP: 1/1
    27 | D        | Reached XP level 3. HP: 39/39 MP: 2/2
    30 | D        | Killed a cane toad
    30 | D        | Reached ** piety under Trog
    31 | D        | Reached skill level 8 in Unarmed Combat
    31 | D        | Reached XP level 4. HP: 33/53 MP: 3/3
    31 | D        | Reached XP level 5. HP: 38/61 MP: 4/4
    31 | D        | Reached XP level 6. HP: 43/68 MP: 5/5
    34 | D        | Killed a deep elf zephyrmancer
    35 | D        | Reached skill level 10 in Unarmed Combat
    35 | D        | Reached XP level 7. HP: 27/81 MP: 6/6
    36 | D        | Reached *** piety under Trog
   104 | D        | Found a bloodstained altar of Trog.
   104 | D        | Found a shimmering blue altar of Sif Muna.
   104 | D        | Found a viscous altar of Jiyva.
   104 | D        | Found a hazy altar of Hepliaklqana.
   104 | D        | Found an opulent altar of Gozag.
   105 | D        | Found a glowing golden altar of the Shining One.
   105 | D        | Found a glowing silver altar of Zin.
   105 | D        | Found a basalt altar of Yredelemnul.
   105 | D        | Found a shimmering altar of Xom.
   105 | D        | Found an ornate altar of the Wu Jian Council.
   105 | D        | Found a sacrificial altar of Ru.
   105 | D        | Found a stormy altar of Qazlal.
   105 | D        | Found an iron altar of Okawaru.
   105 | D        | Found a sparkling altar of Nemelex Xobeh.
   105 | D        | Found a burning altar of Makhleb.
   105 | D        | Found a blossoming altar of Fedhas.
   105 | D        | Found a white marble altar of Elyvilon.
   105 | D        | Found a shadowy altar of Dithmenos.
   105 | D        | Found a snail-covered altar of Cheibriados.
   107 | D        | Found a radiant altar of Vehumet.
   107 | D        | Found a corrupted altar of Lugonu.
   108 | D        | Found a hide-covered altar of Uskayaw.
   108 | D        | Found an ancient bone altar of Kikubaaqudgha.
   108 | D        | Found a broken altar of Ashenzari.
   145 | D        | Reached **** piety under Trog
   171 | D        | Reached ***** piety under Trog
   227 | D        | Reached XP level 8. HP: 92/92 MP: 7/7
   237 | D        | Received a gift from Trog
   241 | D        | Mangled by a wight

Illustrated notes

Levels and vault maps discovered:
D:        pitsprint [storerooms_1, entrance_room_1, metal_vault_1, armoury_2,
          mini_pit_1, grid_room_1, main_hall_1, silver_pit, the_coven_3,
          the_vestibule_1, steel_vault_4, golden_pit, hallway_of_sentries,
          crystal_vault_1, iron_vault_2, final_vault]

Skill      XL: |  1  2  3  4  5  6  7  8 |
---------------+-------------------------+-----
Fighting       | 3 6 8 9 |  9.3
Dodging        | 3 6 8 9 |  9.2
Unarmed Combat | 4 8 10 | 10.9

Action                     |  1- 3 |  4- 6 |  7- 9 || total
---------------------------+-------+-------+-------++-------
  Melee: Unarmed           |     7 |     3 |    38 ||    48
         Punch             |       |     1 |       ||     1
 Invoke: Berserk           |     1 |       |       ||     1
 Armour: Animal skin       |     5 |     4 |    25 ||    34
  Dodge: Dodged            |     2 |     3 |    25 ||    30

Table legend: (Time is in decaauts)
 A = Elapsed time spent in this place.
 B = Non-inter-level travel time spent in this place.
 C = Inter-level travel time spent in this place.
 D = Time resting spent in this place.
 E = Time spent auto-exploring this place.
 F = Levels seen in this place.
 G = Mean time per level.
                   A        B        C        D        E       F      G
               +--------+--------+--------+--------+--------+-----+--------+
         Total |    245 |    245 |      0 |     39 |     85 |   1 |  245.0 |
       Dungeon |    245 |    245 |      0 |     39 |     85 |   1 |  245.0 |
               +--------+--------+--------+--------+--------+-----+--------+

Top non-repeatable levels by time:
       D: 245 daAuts
